 Dungeon Crawl Stone Soup version 0.19-a0-1170-g18f0c96 (webtiles) character file.

2642 4thArraOfDagon the Grappler (level 9, -2/75 HPs)
             Began as a Troll Artificer on Aug 16, 2016.
             Was a Priest of Dithmenos.
             Slain by a wyvern (17 damage)
             ... on level 8 of the Dungeon.
             The game lasted 00:10:06 (1888 turns).

4thArraOfDagon the Grappler (Troll Artificer)       Turns: 1888, Time: 00:10:07

Health: -2/75      AC: 11    Str: 20    XL:     9   Next: 35%
Magic:  9/9        EV:  9    Int: 10    God:    Dithmenos [***...]
Gold:   303        SH:  0    Dex: 10    Spells: 1 memorised, 3 levels left

rFire  + . .     SeeInvis +       - Unarmed
rCold  + . .     Gourm    +     g - +2 robe {rC+ rF+}
rNeg   . . .     Faith    .     (no shield)
rPois  .         Spirit   .     m - +2 hat
rElec  .         Dismiss  .     x - +1 cloak
rCorr  .         Reflect  .     (gloves unavailable)
MR     .....     Harm     .     (boots unavailable)
Stlth  +.........               (no amulet)
                                (no ring)
                                a - ring of see invisible

@: wreathed by umbra, drained
A: unfitting armour, claws 3, fast metabolism 3, gourmand, regeneration 2,
shaggy fur 1, tough skin 2, weak 1
a: Shadow Step, Renounce Religion


You were on level 8 of the Dungeon.
You worshipped Dithmenos.
Dithmenos was most pleased with you.
You were full.

You visited 1 branch of the dungeon, and saw 8 of its levels.
You also visited: Ossuary.

You collected 303 gold pieces.

Inventory:

Hand Weapons
 h - a +0 blowgun
 A - a cursed -2 giant spiked club
Missiles
 i - 15 curare-tipped needles
Armour
 b - a +0 robe
 g - a +2 robe of resistance (worn)
 l - a +0 cloak
 m - a +2 hat (worn)
 x - a +1 cloak (worn)
Jewellery
 a - a ring of see invisible (left claw)
Wands
 c - a wand of flame (15/48)
 d - a wand of enslavement (18/24)
 e - a wand of random effects (13/48)
 s - a wand of disintegration (0/24)
Scrolls
 n - 5 scrolls of teleportation
 o - a scroll of fear {unknown}
 r - 2 scrolls of identify
 u - 2 scrolls of remove curse
 y - 2 scrolls of fog {unknown}
 B - 3 scrolls of immolation {unknown}
 C - a scroll of random uselessness {unknown}
Potions
 k - a potion of cancellation {unknown}
 p - a potion of haste {unknown}
 q - a potion of resistance
 t - 2 potions of lignification {unknown}
 v - 2 potions of flight {unknown}
 w - 2 potions of curing
 z - a potion of heal wounds {unknown}
Comestibles
 f - 2 bread rations
 j - 2 meat rations


   Skills:
 - Level 0.7(0.5) Fighting
   Level 0.7(0.5) Short Blades
 - Level 1.5(1.3) Dodging
 - Level 0.4(0.2) Stealth
 * Level 12.4(12.1) Unarmed Combat
 - Level 0.1(0.0) Transmutations
 - Level 2.1(2.0) Evocations


You had 3 spell levels left.
You knew the following spells:

 Your Spells              Type           Power        Failure   Level  Hunger
a - Blade Hands           Tmut           #.........   100%        5    ######.


Dungeon Overview and Level Annotations

Branches:
Dungeon (8/15)             Temple (0/1) D:7
   Lair: D:8-11

Altars:
Cheibriados
Dithmenos
Elyvilon
Uskayaw
Vehumet
Yredelemnul

Annotations:
D:2 Natasha
D:6 Joseph
D:7 Dowan
D:8 Psyche


Innate Abilities, Weirdness & Mutations

You are too large for most types of armour.
You have claws for hands.
Your metabolism is lightning-fast.
You like to eat raw meat.
You heal very quickly.
You are covered in fur. (AC +1)
You have very tough skin. (AC +2)
You are weak. (Str -2)


Message History

You barely miss the wyvern.
The wyvern is lightly wounded.
The wyvern barely misses you.
You claw the wyvern!
The wyvern is severely wounded.
The wyvern bites you but does no damage.
You scratch the wyvern.
The wyvern is severely wounded.
The wyvern bites you!
You barely miss the wyvern.
The wyvern is severely wounded.
The wyvern bites you!!
* * * LOW HITPOINT WARNING * * *
You are too injured to fight recklessly!
You are too injured to fight recklessly!
You are too injured to fight recklessly!
It was a potion of curing.
You feel better.
The wyvern bites you but does no damage.
The wyvern bites you!
You die...

..# ..####.
....... .......
########.......
#..............
#..............
#...†@...#
#....l...#
#........#
#........#
#........#
#........#
#.!......#
##########


You could see a wyvern.

Vanquished Creatures
  Pikel (D:7)
  Duvessa (D:7)
  An orc warrior (D:7)
  2 sky beasts
  A slave (D:7)
  A phantom (D:7)
  A necrophage (D:7)
  An ogre (D:7)
  4 centaurs
  3 big kobolds (D:7)
  A scorpion (D:4)
  3 wights (D:7)
  A howler monkey (D:6)
  An electric eel (D:7)
  2 giant frog zombies
  3 crimson imps (D:5)
  A centaur zombie (D:5)
  3 hounds
  An iguana (D:5)
  4 orc wizards
  2 worker ants
  A big kobold zombie (Ossuary)
  2 hound skeletons (D:7)
  8 mummies (Ossuary)
  A worker ant zombie (D:6)
  A howler monkey zombie (D:5)
  6 adders
  A shadow imp (D:7)
  An ooze (D:1)
  2 worms
  A dart slug (D:5)
  4 giant geckos
  16 orcs
  2 giant cockroaches
  2 gnoll zombies (Ossuary)
  4 hobgoblins
  A quokka (D:6)
  3 giant newts
  2 goblins
  2 hobgoblin zombies (Ossuary)
  8 kobolds
  3 kobold zombies (Ossuary)
  A quokka skeleton (D:5)
  2 rats
112 creatures vanquished.

Vanquished Creatures (collateral kills)
  A kobold (D:2)
1 creature vanquished.

Vanquished Creatures (others)
  A hippogriff (D:7)
  A slave (D:7)
2 creatures vanquished.

Grand Total: 115 creatures vanquished

Notes
Turn   | Place    | Note
-------+----------+-------------------------------------------
     0 | D:1      | 4thArraOfDagon the Troll Artificer began the quest for the Orb.
     0 | D:1      | Reached XP level 1. HP: 18/18 MP: 1/1
     0 | D:1      | 4thArraOfDagon: wa
     1 | D:1      | Ultraviolent4: you are a master troll xD
    23 | D:1      | Reached skill level 1 in Unarmed Combat
    66 | D:2      | Found a shadowy altar of Dithmenos.
    74 | D:2      | Became a worshipper of Dithmenos the Shadowed
    75 | D:2      | Reached XP level 2. HP: 26/26 MP: 2/2
   110 | D:2      | Noticed Natasha
   114 | D:2      | Noticed a crimson imp
   131 | D:2      | Noticed a crimson imp
   177 | D:2      | Noticed Sigmund
   186 | D:2      | Reached skill level 2 in Unarmed Combat
   190 | D:2      | Noticed Sigmund
   190 | D:2      | Sigmund changed into Sigmund the centaur
   198 | D:2      | Killed Sigmund the centaur
   198 | D:2      | Reached skill level 4 in Unarmed Combat
   198 | D:2      | Reached XP level 3. HP: 19/32 MP: 3/3
   198 | D:2      | Reached XP level 4. HP: 24/40 MP: 4/4
   235 | D:2      | Found a basalt altar of Yredelemnul.
   435 | D:4      | Reached XP level 5. HP: 46/46 MP: 5/5
   439 | D:4      | Reached skill level 5 in Unarmed Combat
   495 | D:5      | Entered Level 5 of the Dungeon
   515 | D:5      | Noticed a centaur
   533 | D:5      | Killed a centaur
   533 | D:5      | Reached * piety under Dithmenos
   533 | D:5      | Reached skill level 6 in Unarmed Combat
   533 | D:5      | Reached XP level 6. HP: 26/54 MP: 6/6
   577 | D:5      | Found a white marble altar of Elyvilon.
   592 | D:5      | Reached skill level 7 in Unarmed Combat
   690 | D:5      | Reached XP level 7. HP: 61/61 MP: 7/7
   750 | D:5      | Reached skill level 8 in Unarmed Combat
   764 | D:5      | Gained mutation: You are weak. (Str -2) [mutagenic meat]
   781 | D:5      | Found a radiant altar of Vehumet.
   806 | D:5      | Learned a level 5 spell: Blade Hands
   925 | D:5      | 4thArraOfDagon: oh
   925 | D:5      | 4thArraOfDagon: yea
   925 | D:5      | 4thArraOfDagon: unfortunately, the game trolling me as well :.
   933 | D:5      | 4thArraOfDagon: :!
   946 | D:5      | Found a snail-covered altar of Cheibriados.
  1006 | D:6      | Found a hide-covered altar of Uskayaw.
  1063 | D:6      | ty
  1073 | D:7      | Noticed Joseph
  1101 | D:7      | Reached skill level 9 in Unarmed Combat
  1104 | D:7      | Reached XP level 8. HP: 67/68 MP: 8/8
  1105 | D:7      | jacquesderrida: Ioseph status: P A R K E D
  1105 | D:7      | 4thArraOfDagon: joseph looks like dekard cain i swear
  1105 | D:6      | 4thArraOfDagon: hello my friend, stay awhile and listen
  1119 | D:7      | Found a staircase to the Ecumenical Temple.
  1126 | D:7      | Reached ** piety under Dithmenos
  1164 | D:7      | Found a white marble altar of Elyvilon.
  1253 | D:7      | Found a sand-covered staircase.
  1261 | Ossuary  | Entered an ossuary
  1287 | Ossuary  | jacquesderrida: Deaders
  1337 | Ossuary  | Reached skill level 10 in Unarmed Combat
  1413 | Ossuary  | jacquesderrida: Tomb of the Millenials
  1612 | D:7      | Noticed Pikel
  1621 | D:7      | Killed Pikel
  1621 | D:7      | Reached skill level 11 in Unarmed Combat
  1642 | D:7      | Reached XP level 9. HP: 75/75 MP: 9/9
  1688 | D:8      | Noticed Psyche
  1760 | D:7      | Reached *** piety under Dithmenos
  1804 | D:7      | Reached skill level 12 in Unarmed Combat
  1834 | D:7      | Noticed Duvessa
  1840 | D:7      | Noticed Dowan
  1842 | D:7      | Killed Duvessa
  1888 | D:8      | Slain by a wyvern

Vault maps used:
D:1:      evilmike_arrival_hilbert_curve, minmay_statues_item,
          minmay_misc_feat_tiny
D:2:      lemuel_round_altar, nicolae_overflow_crystal_walls, tso_oasis_becter,
          first_bread, uniq_sigmund, uniq_crazy_yiuf_cottage, uniq_natasha
D:5:      elyvilon_altar_5, old_standard_altar, serial_shops,
          nicolae_shop_window_shopping, kennysheep_slug_shrine
D:6:      eat_drink_and_be_merry_uskayaw, okawaru_gym_becter, serial_undead,
          serial_undead_d, serial_undead_e, serial_undead_b, serial_undead_f,
          nicolae_wand_duel
D:7:      wad_river_or_something, lightli_ossuary_entry_decrepit_ruins,
          basic_altar, uniq_duvessa, uniq_pikel, uniq_joseph
D:8:      nicolae_overflow_hidden_temple,
          nicolae_gozag_cash_rules_everything_around_me, grunt_pizzeria,
          uniq_prince_ribbit1, uniq_psyche
Ossuary:  ossuary_tomb_3

Skill      XL: |  1  2  3  4  5  6  7  8  9 |
---------------+----------------------------+-----
Unarmed Combat | 1 4 6 7 9 11 12 | 12.4
Fighting       | |  0.7
Short Blades   | |  0.7
Dodging        | |  1.5
Stealth        | |  0.4
Transmutations | |  0.1
Evocations     | |  2.1

Action                   |  1- 3 |  4- 6 |  7- 9 || total
-------------------------+-------+-------+-------++-------
Melee: Unarmed           |    21 |    89 |   278 ||   388
       Punch             |       |     1 |    11 ||    12
Evoke: Wand              |     4 |     1 |     4 ||     9
  Use: Potion            |     1 |       |     1 ||     2
       Scroll            |       |       |     8 ||     8
 Stab: Sleeping          |     1 |       |     2 ||     3
       Distracted        |       |     1 |       ||     1
  Eat: Chunk             |     4 |     7 |    10 ||    21
Armor: Robe              |     3 |    24 |    78 ||   105
Dodge: Dodged            |    19 |    49 |   155 ||   223
